 Dungeon Crawl Stone Soup version 0.29.1-15-g9cfb28693d (webtiles) character file.

Game seed: 67931477961236415

9116 101zpm the Thaumaturge (level 11, -11/66 HPs)
             Began as a Djinni Fire Elementalist on Mar 15, 2023.
             Mangled by a wyvern (14 damage)
             ... on level 10 of the Dungeon.
             The game lasted 01:00:03 (17048 turns).

101zpm the Thaumaturge (Djinni Fire Elementalist)  Turns: 17048, Time: 01:00:03

Health: -11/66     AC:  7    Str:  7    XL:     11   Next: 68%
Gold:   461        EV: 13    Int: 21    God:
                   SH:  0    Dex: 17

rFire   + + +      SeeInvis .   P - +10 trident of Taxation {holy, rCorr Dex+3}
rCold   . . .      Faith    .   (no shield)
rNeg    + . .      Spirit   .   D - +0 robe {rC+ rF+}
rPois   ∞          Reflect  .   (no helmet)
rElec   .          Harm     .   K - scarf {repulsion}
rCorr   +          Rampage  .   t - +0 pair of gloves
Will    +....                   (boots unavailable)
Stlth   ++++......              (no amulet)
HPRegen 0.21/turn               O - +4 ring of protection
MPRegen 0.00/turn               M - ring of positive energy

@: about to teleport, flying, repel missiles
A: sickness immunity, fire resistance 2, cold vulnerability 1, float, innate
caster, HP casting, extra vitality 1
a: no special abilities


You were on level 10 of the Dungeon.
You visited 2 branches of the dungeon, and saw 11 of its levels.
You also visited: Sewer and Bailey.

You collected 461 gold pieces.

Inventory:

Hand Weapons
 l - a +2 flail of holy wrath
 x - a +2 flail of protection
 E - a +3 glaive of freezing
 P - the +10 trident of Taxation (weapon) {holy, rCorr Dex+3}
   (You found it on level 8 of the Dungeon)

   It has been blessed by the Shining One to cause great damage to the undead
   and demons.
   Dex:       It affects your dexterity (+3).
   rCorr:     It protects you from acid and corrosion.
Missiles
 u - 56 stones
 B - 3 silver boomerangs
Armour
 t - a +0 pair of gloves (worn)
 v - a +0 cloak
 D - a +0 robe of resistance (worn)
 K - a scarf of repulsion (worn)
 R - the +7 plate armour "Fekay" {Rampage Int+3 Dex+4}
   (You took it off a hobgoblin in a bailey)

   Int:       It affects your intelligence (+3).
   Dex:       It affects your dexterity (+4).
   Rampage:   It bestows one free step when moving towards enemies.
Jewellery
 j - a +4 ring of slaying
 r - a +6 ring of intelligence
 M - a ring of positive energy (right hand)
 O - a +4 ring of protection (left hand)
Wands
 a - a wand of polymorph (9)
 y - a wand of charming (6)
 J - a wand of roots (9)
Scrolls
 b - 3 scrolls of magic mapping
 d - 3 scrolls of teleportation
 e - 3 scrolls of fear {unknown}
 k - a scroll of vulnerability {unknown}
 m - a scroll of enchant weapon {unknown}
 o - a scroll of blinking {unknown}
 p - 9 scrolls of identify
 w - 5 scrolls of noise
 z - 3 scrolls of immolation
 A - a scroll of enchant armour {unknown}
 F - a scroll of fog {unknown}
 G - a scroll of summoning
 L - 2 scrolls of poison {unknown}
 Q - a scroll of acquirement
Potions
 c - 6 potions of might {unknown}
 f - 2 potions of haste {unknown}
 g - 2 potions of brilliance {unknown}
 h - 5 potions of mutation
 i - 3 potions of degeneration {unknown}
 n - 8 potions of curing
 q - 6 potions of heal wounds {unknown}
 s - 8 potions of flight
 C - 3 potions of lignification {unknown}
 H - a potion of attraction {unknown}
 I - a potion of ambrosia {unknown}
 N - a potion of cancellation {unknown}


   Skills:
 + Level 0.7 Fighting
 + Level 1.4 Maces & Flails
 + Level 3.2 Dodging
 * Level 7.4 Stealth
 + Level 1.1 Shields
 + Level 12.0 Spellcasting


You had 8 spell levels left.
You knew the following spells:

 Your Spells              Type           Power      Damage    Failure   Level
a - Foxfire               Conj/Fire      100%       2x1d9     1%          1
b - Scorch                Fire           100%       2d10      1%          2
c - Conjure Flame         Conj/Fire      59%        6-21      1%          3
d - Inner Flame           Hex/Fire       59%        N/A       1%          3
e - Flame Wave            Conj/Fire      59%        2d14      1%          4
f - Sandblast             Erth           100%       2d20      1%          1
g - Blink                 Tloc           100%       N/A       1%          2
h - Poisonous Vapours     Pois/Air       100%       N/A       1%          2
i - Dazzling Flash        Conj/Hex       100%       N/A       1%          3
j - Lee's Rapid Deconstr  Erth           29%        3d16*     1%          5
Your spell library was empty.

Dungeon Overview and Level Annotations

Branches:
Dungeon (10/15)            Temple (1/1) D:7            Lair (0/5) D:9
    Orc (0/2) D:10          Sewer (visited)          Bailey (visited)

Altars:
Ashenzari
Cheibriados
Dithmenos
Elyvilon
Fedhas
Gozag
Hepliaklqana
Makhleb
Nemelex Xobeh
Okawaru
Qazlal
Ru
Trog
Uskayaw
Wu Jian
Xom
Zin

Shops:
D:7 =

Portals:
Trove: D:10 (give 11 potions of heal wounds)


Innate Abilities, Weirdness & Mutations

You are immune to sickness and miasma.
You are immune to poison.
Your flesh is very heat resistant. (rF++)
You are vulnerable to cold. (rC-)
You float through the air rather than walking.
You learn spells naturally, not from books.
Your magical power is your life essence.
You have superior vitality. (+4 MHP)


Message History

Aiming: Inner Flame (safe; 1% risk of failure)
Press: ? - help, Dir - move target, f - wyvern
Aim: a wyvern (wandering, hasn't noticed you, chance to affect: 95%)
The wyvern is filled with an inner flame.
Casting: Inner Flame (safe; 1% risk of failure)
Confirm with . or Enter, or press ? or * to list all spells.
Flames lash the wyvern.
Flame seeps out of the wyvern.
The wyvern is lightly wounded.
The wyvern's fire resistance burns away.
The wyvern is engulfed in blazing flames.
Flame seeps out of the wyvern.
Casting: Foxfire (safe; 1% risk of failure)
Press: ? - help, Q - select action, (/) - cycle Dir - look around, f - activate You conjure some foxfire!
The wyvern bites you.
Your foxfire dissipates!
Found a short sword.
The foxfire hits the wyvern but does no damage.
The wyvern is moderately wounded.
The wyvern misses you.
Casting: Foxfire (safe; 1% risk of failure)
Press: ? - help, Q - select action, (/) - cycle Dir - look around, f - activate You conjure some foxfire!
The wyvern is no longer more vulnerable to fire.
The wyvern barely misses you.
Your foxfire dissipates!
The foxfire hits the wyvern.
Flame seeps out of the wyvern.
The wyvern is heavily wounded.
The wyvern is engulfed in blazing flames.
Flame seeps out of the wyvern.
The wyvern bites you!
* * * LOW HITPOINT WARNING * * *
Okay, then.
You feel better. The wyvern bites you!
* * * LOW HITPOINT WARNING * * *
Okay, then.
You are too injured to fight recklessly!
As you read the scroll of teleportation, it crumbles to dust.
You feel strangely unstable. The wyvern barely misses you.
The wyvern bites you!
You die...

*,* *,* #..##.# #.###. *,* *,*
#.###.# *,* #. *,* **,** #.###.#
*,* #. *,* **,,,** ##...### *,*
#. ,,* *,,,,,* #..#...#***,**##
,,* **,,>** ##.####...#***#..
*,*********,** #°.#,,**#...,,###
,,,,,,,,***,***##l##,,,,**.#*,,,*
,,*****,,,,,,,,#@)#,,*,,*,,#,,*,,
*** *****,***#.##,,,,**,**,****
*,* *...***,,,,,*,,*,,* *,*
#)#..,****,**,**,,, *,*
#)*##.,,*,,*,,*,,*,
*,**#),,*##,,,**,**,,,,
***********,**.)*,,,***,*,,,*,*,,
,,,,,,,*,,,,**.#***,,,*****,,,***
******,*,**,*,,*,,*,*,,,*,***,,,*


You could see a wyvern (inner flame).

Vanquished Creatures
  Pikel (D:6)
  An orc knight (Bailey)
  4 kobold demonologists
  A meliai (D:10)
  Prince Ribbit (D:6)
  16 yaks
  Menkaure (D:4)
  Edmund (D:6)
  An acid dragon (D:10)
  10 orc warriors (Bailey)
  A black bear (D:7)
  2 ice beasts
  An ogre (D:5)
  3 centaurs
  A phantom (D:4)
  Blork the orc (D:6)
  4 kobold brigands
  A bullfrog (D:7)
  A necrophage (D:7)
  5 scorpions
  5 wights (D:8)
  4 electric eels (Bailey)
  8 howler monkeys
  2 orc priests
  3 gnoll boudas
  6 hounds
  4 jellies
  An iguana (D:7)
  4 orc wizards
  16 gnolls
  12 adders
  8 river rats
  A white imp (D:8)
  An ufetubus (D:4)
  6 worms
  4 dart slugs
  19 orcs
  7 endoplasms
  5 giant cockroaches
  8 goblins
  19 hobgoblins
  3 jackals (Sewer)
  20 kobolds
  6 quokkas
  12 ball pythons
  14 bats
  7 frilled lizards
  11 rats
  A bush (D:4)
274 creatures vanquished.

Vanquished Creatures (collateral kills)
  A foxfire (D:4)
1 creature vanquished.

Vanquished Creatures (others)
  A butterfly (D:4)
  459 foxfires
460 creatures vanquished.

Grand Total: 735 creatures vanquished

Notes
Turn   | Place    | Note
-------+----------+-------------------------------------------
     0 | D:1      | 101zpm the Djinni Fire Elementalist began the quest for the
                  | Orb.
     0 | D:1      | 101zpm set off with the following spells memorised:
                  | Foxfire, Scorch, Conjure Flame, Inner Flame, Flame Wave.
     0 | D:1      | Reached XP level 1. HP: 15/15 MP: 0/0
   248 | D:1      | Reached XP level 2. HP: 17/21 MP: 0/0
   861 | D:1      | Reached skill level 3 in Spellcasting
  1075 | D:1      | Reached XP level 3. HP: 22/25 MP: 0/0
  1075 | D:1      | Learned a level 1 spell: Sandblast
  1415 | D:1      | Found a faded altar of an unknown god.
  2459 | D:2      | Reached XP level 4. HP: 3/31 MP: 0/0
  4647 | D:4      | Noticed a phantom
  4849 | D:5      | Entered Level 5 of the Dungeon
  4849 | D:5      | Noticed an ogre
  4852 | D:5      | Killed an ogre
  4853 | D:5      | Reached skill level 1 in Maces & Flails
  4853 | D:5      | Reached skill level 4 in Spellcasting
  4853 | D:5      | Reached XP level 5. HP: 29/36 MP: 0/0
  4853 | D:5      | Learned a level 2 spell: Blink
  4862 | D:5      | Reached XP level 6. HP: 17/41 MP: 0/0
  5647 | D:4      | Found a white marble altar of Elyvilon.
  5774 | D:4      | Noticed Menkaure
  5778 | D:4      | Killed Menkaure
  5779 | D:4      | Reached skill level 1 in Shields
  5779 | D:4      | Reached XP level 7. HP: 33/46 MP: 0/0
  5779 | D:4      | Learned a level 2 spell: Poisonous Vapours
  6086 | D:4      | Reached skill level 5 in Spellcasting
  6739 | D:5      | Reached XP level 8. HP: 36/51 MP: 0/0
  7011 | D:5      | Reached skill level 6 in Spellcasting
  7499 | D:5      | Found a broken altar of Ashenzari.
  7928 | D:6      | Noticed Edmund
  7936 | D:6      | Killed Edmund
  8174 | D:6      | Noticed Blork the orc
  8180 | D:6      | Killed Blork the orc
  8181 | D:6      | Reached skill level 7 in Spellcasting
  8322 | D:6      | Noticed Pikel
  8329 | D:6      | Killed Pikel
  8330 | D:6      | Reached XP level 9. HP: 24/56 MP: 0/0
  8330 | D:6      | Learned a level 3 spell: Dazzling Flash
  8542 | D:6      | Found a glowing drain.
  8551 | Sewer    | Entered a sewer
  9173 | Sewer    | Reached skill level 8 in Spellcasting
 10093 | D:6      | Noticed Prince Ribbit
 10098 | D:6      | Killed Prince Ribbit
 10302 | D:7      | Reached skill level 5 in Stealth
 10604 | D:7      | Found a snail-covered altar of Cheibriados.
 10604 | D:7      | Found a hazy altar of Hepliaklqana.
 10612 | D:7      | Found a faded altar of an unknown god.
 10614 | D:7      | Found an opulent altar of Gozag.
 10616 | D:7      | Found a faded altar of an unknown god.
 10679 | D:7      | Found a staircase to the Ecumenical Temple.
 10688 | Temple   | Entered the Ecumenical Temple
 11347 | D:8      | Reached skill level 9 in Spellcasting
 11414 | D:8      | Reached XP level 10. HP: 48/61 MP: 0/0
 12254 | D:8      | Found a blossoming altar of Fedhas.
 12256 | D:8      | Found a shimmering altar of Xom.
 12256 | D:8      | Found a glowing silver altar of Zin.
 12258 | D:8      | Found an ornate altar of the Wu Jian Council.
 12258 | D:8      | Found a shadowy altar of Dithmenos.
 12258 | D:8      | Found a sparkling altar of Nemelex Xobeh.
 12266 | D:8      | Identified the +10 trident of Taxation {holy, rCorr Dex+3}
 12512 | D:7      | Found Irastagi's Jewellery Shoppe.
 12675 | D:7      | Reached skill level 10 in Spellcasting
 12983 | D:7      | Found an iron altar of Okawaru.
 13473 | D:9      | Noticed a fire dragon
 13538 | D:9      | Noticed a kobold demonologist
 13538 | D:9      | Noticed a kobold demonologist
 13546 | D:9      | Killed a kobold demonologist
 13546 | D:9      | Killed a kobold demonologist
 13909 | D:9      | Found a staircase to the Lair.
 14038 | D:9      | Reached XP level 11. HP: 42/66 MP: 0/0
 14038 | D:9      | Learned a level 5 spell: Lee's Rapid Deconstruction
 14047 | D:9      | Reached skill level 11 in Spellcasting
 14542 | D:10     | Entered Level 10 of the Dungeon
 14697 | D:10     | Found a portal to a secret trove of treasure.
 14813 | D:10     | Found a flagged portal.
 14873 | Bailey   | Entered a bailey
 15717 | Bailey   | Noticed an orc knight
 15726 | Bailey   | Killed an orc knight
 16510 | Bailey   | Noticed a sixfirhy
 16510 | Bailey   | Identified the +7 plate armour "Fekay" {Rampage Int+3
                  | Dex+4}
 16651 | Bailey   | Found an iron altar of Okawaru.
 16928 | D:10     | Reached skill level 12 in Spellcasting
 17047 | D:10     | HP: 3/66 [wyvern (13)]
 17048 | D:10     | Mangled by a wyvern

Illustrated notes

Levels and vault maps discovered:
D:1:      heliophobic_arrival_enchanted_forest, layout_basic,
          ebering_ecumenical_altar_abandoned
D:2:      layout_basic, minmay_pentomino_t2
D:3:      layout_basic, kennysheep_generic_room_6
D:4:      layout_rooms, nicolae_elyvilon_peaceful_grove, uniq_menkaure
D:5:      layout_rooms, mainiacjoe_overflow_24_doors,
          nicolae_ossuary_entry_monument, minmay_fractal_squares_gapless_5
D:6:      layout_basic, portal_sewer_entry_b, uniq_pikel, uniq_edmund,
          uniq_blork_the_orc, uniq_prince_ribbit1, uniq_eustachio
D:7:      nicolae_cairo_tiling_very_big, layout_basic, okawaru_gym_becter,
          chequers_temple_overflow_minitemple,
          minmay_temple_entry_enclosed_plants, serial_shops, nicolae_shop_trees
D:8:      layout_loops_ring, doesnt_xom_only_xom
D:9:      layout_irregular_city, grunt_temple_overflow_holy_war,
          minmay_lair_entry_lava, serial_glass, glass_columns_b, glass_columns_c
D:10:     minmay_skewed_foursquare, layout_loops_corners, enter_bailey_3,
          nicolae_trove_entry_diagonal
Temple:   oiseaux_autumnal_temple

Skill      XL: |  1  2  3  4  5  6  7  8  9 10 11 |
---------------+----------------------------------+-----
Spellcasting   | 3 4 5 7 9 10 12 | 12.0
Maces & Flails | 1 |  1.4
Stealth        | 2 3 4 5 6 7 |  7.4
Shields        | 1 |  1.1
Dodging        | 3 |  3.2
Fighting       | |  0.7

Action                   |  1- 3 |  4- 6 |  7- 9 | 10-12 || total
-------------------------+-------+-------+-------+-------++-------
Melee: Flail             |     6 |    14 |       |       ||    20
       Trident           |       |       |       |     1 ||     1
 Cast: Foxfire           |    69 |    21 |    96 |    87 ||   273
       Scorch            |    14 |    23 |    48 |    42 ||   127
       Inner Flame       |       |    12 |    83 |    97 ||   192
       Sandblast         |       |     1 |       |       ||     1
       Poisonous Vapours |       |       |    47 |    55 ||   102
       Blink             |       |       |    10 |     3 ||    13
       Conjure Flame     |       |       |       |     1 ||     1
       Lee's Rapid Decon |       |       |       |     2 ||     2
       Dazzling Flash    |       |       |       |     1 ||     1
  Use: Scroll            |       |       |     1 |     5 ||     6
       Potion            |       |       |       |     1 ||     1
Armor: Robe              |     1 |    10 |     7 |     1 ||    19
Dodge: Dodged            |     3 |     7 |    12 |    16 ||    38
       Repelled          |       |       |       |     1 ||     1
Block: Kite shield       |     3 |    10 |       |       ||    13
